 Dungeon Crawl Stone Soup version 0.31-a0-1626-g5cb510d322 (webtiles) character file.

Game seed: 16125891229802082908

331 Newt the Skirmisher (level 6, -1/40 HPs)
             Began as a Kobold Hunter on Jan 12, 2024.
             Was an Initiate of Hepliaklqana.
             Slain by an orc warrior
             ... wielding a +0 scimitar
              (7 damage)
             ... on level 4 of the Dungeon.
             The game lasted 00:03:55 (3777 turns).

Newt the Skirmisher (Kobold Hunter)                 Turns: 3777, Time: 00:03:56

Health: -1/40      AC:  7    Str:  9    XL:     6   Next: 82%
Magic:  6/6        EV: 14    Int: 16    God:    Hepliaklqana [......]
Gold:   137        SH:  0    Dex: 20    Spells: 5/5 levels left

rFire   . . .        a - +1 shortbow
rCold   . . .        (shield currently unavailable)
rNeg    . . .        c - +0 leather armour
rPois   .            (no helmet)
rElec   .            (no cloak)
rCorr   .            (no gloves)
SInv    .            (no boots)
Will    .....        (no amulet)
Stlth   +++          h - +4 ring of protection
HPRegen 0.26/turn    p - +6 ring of intelligence
MPRegen 0.10/turn

%: no passive effects
@: hasted, very quick
A: small, no large weapons, nightstalker 3
a: Renounce Religion


You were on level 4 of the Dungeon.
You worshipped Hepliaklqana.
Hepliaklqana was noncommittal.
You visited 1 branch of the dungeon, and saw 4 of its levels.

You collected 137 gold pieces.

Inventory:

Hand Weapons
 a - a +1 shortbow (weapon)
Armour
 c - a +0 leather armour (worn)
Jewellery
 h - a +4 ring of protection (left hand)
 p - a +6 ring of intelligence (right hand)
Wands
 l - a wand of iceblast (6)
Scrolls
 m - 2 scrolls of amnesia
 n - a scroll of teleportation
 o - a scroll of poison
Potions
 d - 2 potions of magic
 f - a potion of ambrosia
 g - a potion of enlightenment
 j - a potion of degeneration
 k - a potion of haste


   Skills:
 - Level 5.0 Fighting
 + Level 8.4 Ranged Weapons
 - Level 2.4 Dodging
 - Level 1.3 Stealth


You had 5 spell levels left.
You didn't know any spells.
Your spell library contained the following spells:

 Spells                   Type           Power      Damage    Failure   Level
 Call Imp                 Summ           0%         N/A       47%         2
 Sublimation of Blood     Necr           0%         N/A       47%         2
 Summon Hydra             Summ           0%         N/A       100%        7


Dungeon Overview and Level Annotations

Branches:
Dungeon (4/15)
 Temple: D:4-7

Altars:
Cheibriados
Hepliaklqana
Makhleb
Trog

Shops:
D:2 =

Annotations:
D:3 1 runed translucent door, Crazy Yiuf
D:4 2 transporters, Laraso's ghost, weakling DrFE


Innate Abilities, Weirdness & Mutations

You are small and have problems with some larger weapons.
You are completely attuned to the shadows.


Message History

The adder hisses angrily.
The arrow hits the adder but does no damage.
You shoot an arrow. The arrow completely misses the adder.
You shoot an arrow. The arrow barely misses the adder.
You hear a shout!
The adder misses you. The adder bites you.
You shoot an arrow.
The arrow hits the adder but does no damage.
The adder barely misses you.
You shoot an arrow. The arrow misses the adder.
The arrow hits the orc!
You kill the orc!
The adder bites you but does no damage.
You shoot an arrow. The arrow hits the adder!
The adder is severely wounded.
The adder bites you. The adder misses you.
You shoot an arrow. The arrow closely misses the adder.
The adder barely misses you.
You shoot an arrow. The arrow closely misses the adder.
The arrow hits the orc warrior.
The orc warrior is lightly wounded.
The adder misses you.
You shoot an arrow. The arrow hits the adder.
You kill the adder!
You shoot an arrow.
The arrow completely misses the orc warrior.
You shoot an arrow. The arrow hits the orc warrior.
The orc warrior is moderately wounded.
The orc warrior misses you.
You shoot an arrow.
The arrow closely misses the orc warrior.
Laraso's ghost turns its malevolent gaze towards you.
You hear a chilling moan.
The orc warrior hits you with a +0 scimitar!
You shoot an arrow.
The arrow closely misses the orc warrior.
The orc warrior hits you with a +0 scimitar!!
* * * LOW HITPOINT WARNING * * *
It was a potion of haste.
You feel yourself speed up.
The orc warrior hits you with a +0 scimitar!
You die...

.###.........#.##....#.#######.##
..............................>..
.###.........#.............#...#.
.# #.........#..#....#....#......
.. #...#.....#..#...#####.##..#..
.# ......###)............#...#..
..............#.#.#..
...o...#......#.#.#..
....@................
##.©.####...#.....#.. #####
###.....#.##. ...W5. #.
##...##.... #..=## ... #....#.##.
.#.##..#.#.##. ..©#..........
#..#..#..#.##. .. #..#..#.##.


You could see an orc warrior, a quasit and Laraso's ghost.

Vanquished Creatures
  A water moccasin (D:4)
  Jessica (D:3)
  Ijyb (D:3)
  7 adders
  2 dart slugs (D:1)
  3 ribbon worms (D:2)
  15 orcs
  7 endoplasms
  2 giant cockroaches
  8 goblins
  3 hobgoblins
  4 jackals (D:2)
  8 kobolds
  7 quokkas
  5 ball pythons
  5 bats
  2 frilled lizards (D:2)
  6 rats
87 creatures vanquished.

Notes
Turn   | Place    | Note
-------+----------+-------------------------------------------
     0 | D:1      | Newt the Kobold Hunter began the quest for the Orb.
     0 | D:1      | Reached XP level 1. HP: 12/12 MP: 1/1
   153 | D:1      | Reached XP level 2. HP: 18/18 MP: 2/2
   188 | D:1      | Found a faded altar of an unknown god.
   506 | D:1      | Reached XP level 3. HP: 23/23 MP: 3/3
  1135 | D:2      | Reached XP level 4. HP: 30/30 MP: 4/4
  1137 | D:2      | Found Difixkuc's Jewellery Shop.
  1318 | D:2      | Reached skill level 5 in Fighting
  1433 | D:2      | Found a snail-covered altar of Cheibriados.
  1766 | D:2      | Reached XP level 5. HP: 35/35 MP: 5/5
  1784 | D:2      | Identified the +0 chain mail of the Crypt {^Contam rCorr
                  | Str+8 Dex-2}
  2067 | D:3      | Noticed Ijyb
  2080 | D:3      | Killed Ijyb
  2081 | D:3      | Reached skill level 6 in Ranged Weapons
  2690 | D:3      | Noticed Jessica
  2697 | D:3      | Killed Jessica
  2765 | D:3      | Found a runed translucent door.
  2768 | D:3      | Noticed Crazy Yiuf
  2859 | D:3      | Reached skill level 7 in Ranged Weapons
  2960 | D:3      | Found a faded altar of an unknown god.
  2965 | D:3      | Found a bloodstained altar of Trog.
  2967 | D:3      | Found a burning altar of Makhleb.
  2968 | D:3      | Found a faded altar of an unknown god.
  2973 | D:3      | Found a hazy altar of Hepliaklqana.
  3064 | D:3      | Became a worshipper of Hepliaklqana the Forgotten
  3332 | D:4      | Noticed a water moccasin
  3338 | D:4      | Killed a water moccasin
  3339 | D:4      | Reached skill level 8 in Ranged Weapons
  3339 | D:4      | Reached XP level 6. HP: 14/40 MP: 6/6
  3342 | D:4      | Noticed an orc warrior
  3642 | D:4      | Found a transporter.
  3751 | D:4      | Found a transporter.
  3774 | D:4      | Noticed Laraso's ghost (weakling DrFE)
  3777 | D:4      | Slain by an orc warrior

Illustrated notes

Levels and vault maps discovered:
D:1:      minmay_arrival_five_plusses, layout_loops_corners,
          hellmonk_ecumenical_altar_run_dry, palyth_stone_intersect,
          serial_bayou_lake_a
D:2:      layout_loops_ring, basic_altar, serial_shops,
          nicolae_shop_tiny_statue_garden, chequers_serial_rivers_room_a
D:3:      layout_loops_corners, chequers_temple_overflow_minitemple,
          kennysheep_generic_room_11, uniq_jessica, uniq_ijyb,
          uniq_crazy_yiuf_cottage
D:4:      cheibrodos_thug_alley, layout_basic, minmay_temple_entry_antechambers,
          gammafunk_ghost_stat_death, chequers_serial_rivers_large_a

Skill      XL: |  1  2  3  4  5 |
---------------+----------------+-----
Fighting       | 3 4 5 |  5.0
Ranged Weapons | 8 |  8.4
Dodging        | |  2.4
Stealth        | |  1.3

Action                     |  1- 3 |  4- 6 || total
---------------------------+-------+-------++-------
   Fire: Shortbow          |    73 |   191 ||   264
  Evoke: Wand              |       |     2 ||     2
    Use: Scroll            |     9 |     6 ||    15
         Potion            |       |     4 ||     4
 Armour: Leather armour    |    13 |    52 ||    65
  Dodge: Dodged            |    24 |    74 ||    98

Table legend: (Time is in decaauts)
 A = Elapsed time spent in this place.
 B = Non-inter-level travel time spent in this place.
 C = Inter-level travel time spent in this place.
 D = Time resting spent in this place.
 E = Time spent auto-exploring this place.
 F = Levels seen in this place.
 G = Mean time per level.
                   A        B        C        D        E       F      G
               +--------+--------+--------+--------+--------+-----+--------+
         Total |   3855 |   3678 |    177 |    270 |   2908 |   4 |  963.8 |
       Dungeon |   3855 |   3678 |    177 |    270 |   2908 |   4 |  963.8 |
               +--------+--------+--------+--------+--------+-----+--------+

Top non-repeatable levels by time:
     D:3: 1502 daAuts
     D:1: 1122 daAuts
     D:2: 965 daAuts
     D:4: 264 daAuts
